 Dungeon Crawl Stone Soup version 0.28-a0-536-g4f1c8046e5 (webtiles) character file.

Game seed: 12678195150481427877

37 IndexError the Skirmisher (level 3, -3/31 HPs)
             Began as a Djinni Cinder Acolyte on Sept 27, 2021.
             Was a High Priest of Ignis.
             Slain by Robin (5 damage)
             ... on level 2 of the Dungeon.
             The game lasted 00:01:37 (1652 turns).

IndexError the Skirmisher (Djinni Cinder Acolyte)   Turns: 1652, Time: 00:01:37

Health: -3/31      AC:  2    Str: 13    XL:     3   Next: 60%
Gold:   46         EV: 11    Int: 16    God:    Ignis [*****.] SH:  0 Dex:  8

rFire   + + +      SeeInvis .   a - -1 falchion (flame)
rCold   x . .      Faith    .   (no shield)
rNeg    . . .      Spirit   .   b - +0 robe
rPois   ∞          Reflect  .   (no helmet)
rElec   .          Harm     .   (no cloak)
rCorr   +          Rampage  .   (no gloves)
Will    .....                   (boots unavailable)
Stlth   +.........              (no amulet)
HPRegen 0.10/turn               d - ring of resist corrosion
MPRegen 0.00/turn               (no ring)

@: flying
A: sickness immunity, fire resistance 2, cold vulnerability 1, float, innate
caster, hp casting, extra vitality 1
a: Renounce Religion, Sea of Fire, Foxfire Swarm, Rising Flame


You were on level 2 of the Dungeon.
You worshipped Ignis.
Ignis was extremely pleased with you.
You visited 1 branch of the dungeon, and saw 2 of its levels.

You collected 46 gold pieces.

Inventory:

Hand Weapons
 a - a -1 falchion of flaming (weapon)
Armour
 b - a +0 robe (worn)
Magical Staves
 h - a staff of conjuration {!a}
   (You took it off a hobgoblin on level 2 of the Dungeon)
Jewellery
 d - a ring of resist corrosion (left hand)
   (You found it on level 2 of the Dungeon)
Scrolls
 c - a scroll of summoning {unknown}
 g - a scroll of magic mapping {unknown}
 j - a scroll of teleportation {unknown}
Potions
 e - a potion of curing {unknown}
 f - a potion of haste {unknown}
 i - a potion of invisibility {unknown}
 k - a potion of resistance {unknown}


   Skills:
 + Level 3.7 Fighting
 - Level 2.6 Long Blades
 + Level 3.0 Spellcasting


You had 5 spell levels left.
You knew the following spells:

 Your Spells              Type           Power      Damage    Failure   Level
a - Scorch                Fire           24%        2d6       9%          2
b - Beastly Appendage     Tmut           24%        N/A       5%          1
Your spell library was empty.

Dungeon Overview and Level Annotations

Branches:
Dungeon (2/15)

Altars:

Annotations:
D:2 Robin


Innate Abilities, Weirdness & Mutations

You are immune to sickness and miasma.
You are immune to poison.
Your flesh is very heat resistant. (rF++)
You are vulnerable to cold. (rC-)
You float through the air rather than walking.
You learn spells naturally, not from books.
Your magical power is your life essence.
You have superior vitality. (+4 HP)


Message History

The ball python closely misses you. x2; The ball python bites you.
The ball python grabs you. The ball python constricts you.
You take 2 damage, and have 29/31 hp.
You barely miss the ball python. The ball python closely misses you.
The ball python constricts you.
You take 1 damage, and have 28/31 hp.
You barely miss the ball python. The ball python barely misses you.
The ball python constricts you.
You hit the ball python. You burn the ball python.
No target in view!
No target in view!
Found a stone staircase leading down.
Health restored: 31 You now have 46 gold pieces (gained 8).
You see here 29 arrows.
j - a scroll labelled ZOF RAMAIWN
Found a faded altar of an unknown god.
k - a fuming yellow potion A ball python comes into view.
A ball python is nearby!
A ball python is nearby!
A ball python is nearby!
No target in view!
No target in view!
No target in view!
The ball python hisses angrily.
You closely miss the ball python. The ball python barely misses you.
The ball python misses you. The ball python bites you.
The ball python barely misses you.
You take 2 damage, and have 29/31 hp.
You hit the ball python. You burn the ball python. The ball python bites you.
The ball python grabs you. The ball python constricts you.
You take 1 damage, and have 28/31 hp.
You hit the ball python. You burn the ball python.
No target in view!
No target in view!
You see here a ball python corpse.
You see here a ball python corpse.
You see here a ball python corpse.
You see here 17 stones.
Found a stone staircase leading down.
Health restored: 31
There is a stone staircase leading down here. 2 goblins, a hobgoblin and Robin come into view.
Robin shouts!
The goblin shouts!
The hobgoblin shouts!
The goblin shouts!
You hear a shout!
Robin throws the goblin at you! The goblin hits you with a +3 dagger.
There are monsters nearby!
There are monsters nearby!
You take 4 damage, and have 27/31 hp.
There is a stone staircase leading down here.
Robin roars a battlecry!
The goblins go into a battle-frenzy!
The goblin hits you with a +3 dagger.
You take 6 damage, and have 22/31 hp.
You see here 17 stones.
You see here a ball python corpse.
The hobgoblin no longer looks unusually strong.
The goblin no longer looks unusually strong.
Robin roars a battlecry!
The goblins go into a battle-frenzy!
The goblin hits you with a +3 dagger!
You take 8 damage, and have 15/31 hp.
MASSIVE DAMAGE!!
You see here a ball python corpse.
Robin roars a battlecry!
The goblin goes into a battle-frenzy!
Flames leap up around you! The goblin hits you with a +3 dagger!
* * * LOW HITPOINT WARNING * * *
The foxfire hits the goblin.
You take 8 damage, and have 8/31 hp.
MASSIVE DAMAGE!!
The foxfire hits the goblin. x4; The foxfire hits the hobgoblin.
The hobgoblin no longer looks unusually strong.
The foxfire hits the hobgoblin.
The foxfire hits Robin but does no damage.
Your Spellcasting skill increases to level 3!
Okay, then.
Casting: Scorch (safe; 9% risk of failure)
Confirm with . or Enter, or press ? or * to list all spells.
You can't see any susceptible monsters within range! (Use Z to cast anyway.)
Casting: Scorch (safe; 9% risk of failure)
Confirm with . or Enter, or press ? or * to list all spells.
You can't see any susceptible monsters within range! (Use Z to cast anyway.)
Casting: Scorch (safe; 9% risk of failure)
Confirm with . or Enter, or press ? or * to list all spells.
Flames lash Robin but do no damage.
* * * LOW HITPOINT WARNING * * *
A hobgoblin comes into view.
You take 2 damage, and have 6/31 hp.
Casting: Scorch (safe; 9% risk of failure)
Confirm with . or Enter, or press ? or * to list all spells.
Flames lash Robin.
Robin's fire resistance burns away.
* * * LOW HITPOINT WARNING * * *
Robin closely misses you.
You take 2 damage, and have 4/31 hp.
Casting: Scorch (safe; 9% risk of failure)
Confirm with . or Enter, or press ? or * to list all spells.
Flames lash Robin.
Robin is burned terribly!
* * * LOW HITPOINT WARNING * * *
Robin hits you from afar with a +0 spear.
You die...

.### #.##..##.# #.# .#
#......>.# #.# .#
##.....### #.# .#
#.......# #.# .#
##.....## #.# .# ##...##
#.# .### ##.## #.#
...#########
###.######### #.###
...........#
#..@.g).g...# #...#
.#.#######.#
#.#....####.###.#.##
.#.# #.# #.####.#
#........# ##.# #.# #.#
#.# #.#g.#.#.# ##.# #.#
#.# #.## #.##.._..# #.#
#.###.####..# #.##†#.#.#
#.# #.........#.#
#.##.g...# #.#
#####.##....###.###..###
#.# #...........# #.##


You could see Robin (combustible) and a hobgoblin (strong).

Vanquished Creatures
  2 adders (D:2)
  A bat (D:1)
  An endoplasm (D:1)
  A giant cockroach (D:1)
  3 goblins (D:2)
  2 hobgoblins (D:2)
  3 kobolds
  A quokka (D:2)
  2 ball pythons (D:2)
16 creatures vanquished.

Vanquished Creatures (others)
  6 foxfires (D:2)
6 creatures vanquished.

Grand Total: 22 creatures vanquished

Notes
Turn   | Place    | Note
-------+----------+-------------------------------------------
     0 | D:1      | IndexError the Djinni Cinder Acolyte began the quest for
                  | the Orb.
     0 | D:1      | Reached XP level 1. HP: 20/20 MP: 0/0
   894 | D:2      | Reached XP level 2. HP: 25/25 MP: 0/0
  1179 | D:2      | Reached XP level 3. HP: 19/30 MP: 0/0
  1179 | D:2      | Learned a level 1 spell: Beastly Appendage
  1551 | D:2      | Found a faded altar of an unknown god.
  1614 | D:2      | Noticed Robin
  1648 | D:2      | Reached skill level 3 in Spellcasting
  1652 | D:2      | Slain by Robin

Illustrated notes

Levels and vault maps discovered:
D:1:      tarquinn_simple_flora_water_c, layout_loops_ring, hex_large
D:2:      layout_loops_ring, chequers_ecumenical_altar_simple, uniq_robin

Skill      XL: |  1  2  3 |
---------------+----------+-----
Spellcasting   | 3 |  3.0
Fighting       | |  3.7
Long Blades    | |  2.6

Action                   || total
-------------------------++-------
Melee: Falchion          ||    44
 Cast: Scorch            ||     3
Invok: Foxfire Swarm     ||     1
Armor: Robe              ||    12
Dodge: Dodged            ||    36

Table legend: (Time is in decaauts)
 A = Elapsed time spent in this place.
 B = Non-inter-level travel time spent in this place.
 C = Inter-level travel time spent in this place.
 D = Time resting spent in this place.
 E = Time spent auto-exploring this place.
 F = Levels seen in this place.
 G = Mean time per level.
                   A        B        C        D        E       F      G
               +--------+--------+--------+--------+--------+-----+--------+
         Total |   1660 |   1528 |    132 |      0 |   1358 |   2 |  830.0 |
       Dungeon |   1660 |   1528 |    132 |      0 |   1358 |   2 |  830.0 |
               +--------+--------+--------+--------+--------+-----+--------+

Top non-repeatable levels by time:
     D:1: 845 daAuts
     D:2: 815 daAuts

Table legend:
 A = Kills in this place as a percentage of kills in entire the game.
 B = Kills by you in this place as a percentage of kills by you in the entire game.
 C = Kills by friends in this place as a percentage of kills by friends in the entire game.
 D = Other kills in this place as a percentage of other kills in the entire game.
 E = Experience gained in this place as a percentage of experience gained in the entire game.
 F = Experience gained in this place divided by the number of levels of this place that you have seen.
                   A       B       C       D       E      F
               +-------+-------+-------+-------+-------+----------------------
         Total | 100.0 | 100.0 |   N/A |   N/A | 100.0 |  26.5
       Dungeon | 100.0 | 100.0 |   N/A |   N/A | 100.0 |  26.5
               +-------+-------+-------+-------+-------+----------------------
